 Dungeon Crawl Stone Soup version 0.17.0-28-g6e173f8 (webtiles) character file.

78111 4thArraOfDagon the Warrior (level 15, -3/144 HPs)
             Began as a Minotaur Berserker on Nov 23, 2015.
             Was an Elder of Trog.
             Slain by an eldritch tentacle (9 damage)
             ... called by a lich
             ... on level 3 of the Depths.
             The game lasted 00:40:46 (5874 turns).

4thArraOfDagon the Warrior (Minotaur Berserker)     Turns: 5874, Time: 00:40:47

Health: -3/144     AC: 24    Str: 24      XL:     15   Next: 17%
Magic:  0/29       EV: 16    Int:  9      God:    Trog [****..]
Gold:   1281       SH:  0    Dex:  8 (9)  Spells: 0 memorised, 14 levels left

rFire  . . .     SeeInvis .     B - +6 war axe of Ascent {freeze, MP+9}
rCold  . . .     Clarity  +     A - +0 plate armour {rPois}
rNeg   . . .     SustAt   .     (no shield)
rPois  +         Gourm    .     I - +2 hat
rElec  .         Spirit   +     t - +0 cloak
rCorr  .         Warding  .     x - +0 pair of gloves {archery}
rMut   .         Stasis   .     L - +0 pair of boots
MR     +....                    w - amulet of guardian spirit
Stlth  ..........               H - +5 ring of evasion
                                J - +3 ring of slaying

@: exhausted, flayed, slowed, very slow, somewhat resistant to hostile
enchantments, extremely unstealthy
A: retaliatory headbutt, horns 2, clarity, deterioration 1
a: Berserk, Trog's Hand, Brothers in Arms, Burn Spellbooks, Renounce Religion


You were on level 3 of the Depths.
You worshipped Trog.
Trog was greatly pleased with you.
You were full.

You visited 3 branches of the dungeon, and saw 28 of its levels.

You collected 1281 gold pieces.

Inventory:

Hand Weapons
 B - the +6 war axe of Ascent (weapon) {freeze, MP+9}
   (You found it on level 5 of the Lair of Beasts)

   It has been specially enchanted to freeze those struck by it, causing extra
   injury to most foes and up to half again as much damage against particularly
   susceptible opponents.
   It can also slow down cold-blooded creatures.
   It affects your magic capacity (+9).
 V - a +2 battleaxe of freezing
Armour
 a - a +3 chain mail of magic resistance
 t - a +0 cloak (worn)
 x - a +0 pair of gloves of archery (worn)
 A - a +0 plate armour of poison resistance (worn)
 I - a +2 hat (worn)
 L - a +0 pair of boots (worn)
 U - an ice dragon hide
Magical Staves
 F - an uncursed staff of energy {unknown}
Jewellery
 w - an amulet of guardian spirit (around neck)
 y - an uncursed ring of flight
 H - a +5 ring of evasion (right hand)
 J - a +3 ring of slaying (left hand)
 N - an uncursed ring of flight
 Q - an uncursed ring of teleportation
Wands
 o - a wand of flame (24)
 q - a wand of frost (10)
 z - a wand of confusion (29)
 D - a wand of disintegration (21)
Scrolls
 e - 2 scrolls of enchant weapon
 g - 4 scrolls of amnesia
 h - 2 scrolls of fog
 k - a scroll of remove curse
 l - a scroll of immolation
 m - 2 scrolls of noise
 u - 2 scrolls of recharging
Potions
 b - 2 potions of brilliance
 n - 2 potions of agility
 s - a potion of haste
 v - a potion of ambrosia
 C - a potion of invisibility
 G - 2 potions of heal wounds
 M - 3 potions of lignification
 P - a potion of berserk rage {unknown}
 R - 2 potions of curing
Books
 j - a book of Fire

   Spells                             Type                      Level
   a - Ignite Poison                  Fire/Transmutation/Poison    3
   b - Fireball                       Conjuration/Fire             5
   c - Bolt of Fire                   Conjuration/Fire             6
   d - Delayed Fireball               Conjuration/Fire             7
   e - Ring of Flames                 Charms/Fire                  7
   Trog disapproves of the use of such an item.
 r - a book of Minor Magic

   Spells                             Type                      Level
   a - Magic Dart                     Conjuration                  1
   b - Blink                          Translocation                2
   c - Call Imp                       Summoning                    2
   d - Repel Missiles                 Charms/Air                   2
   e - Slow                           Hexes                        2
   f - Conjure Flame                  Conjuration/Fire             3
   g - Mephitic Cloud                 Conjuration/Poison/Air       3
   Trog disapproves of the use of such an item.
 E - a book of Air

   Spells                             Type                      Level
   a - Shock                          Conjuration/Air              1
   b - Swiftness                      Charms/Air                   2
   c - Repel Missiles                 Charms/Air                   2
   d - Static Discharge               Conjuration/Air              3
   e - Lightning Bolt                 Conjuration/Air              5
   Trog disapproves of the use of such an item.
 O - a book of Dreams

   Spells                             Type                      Level
   a - Ensorcelled Hibernation        Hexes/Ice                    2
   b - Phase Shift                    Translocation                5
   c - Shadow Creatures               Summoning                    5
   d - Silence                        Hexes/Air                    5
   e - Darkness                       Hexes                        6
   f - Mass Confusion                 Hexes                        6
   Trog disapproves of the use of such an item.
Miscellaneous
 K - a fan of gales
Comestibles
 c - 4 bread rations
 d - 4 meat rations


   Skills:
 + Level 16.1 Fighting
 - Level 16.0 Axes
 + Level 16.0 Armour
 + Level 11.2 Dodging
 - Level 8.1 Evocations


You had 14 spell levels left.
You didn't know any spells.

Dungeon Overview and Level Annotations

Branches:
Dungeon (15/15)              Lair (8/8) D:10          Snake (0/4) Lair:6
  Slime (0/6) Lair:6       Depths (5/5) D:15
 Temple: D:4-7        Swamp: Lair:3-6    Shoals: Lair:3-6       Orc: D:9-12
 Vaults: D:13-14        Zot: Depths:5

Altars:
Ashenzari
Cheibriados
Dithmenos
Fedhas
Qazlal
Yredelemnul
Jiyva

Portals:
Ziggurat: Depths:5

Annotations:
Depths:1 3 runed doors
Depths:3 Xtahua
Depths:5 Margery


Innate Abilities, Weirdness & Mutations

You reflexively headbutt those who attack you in melee.
You have a pair of horns on your head.
You possess an exceptional clarity of mind.
Your body sometimes deteriorates upon taking damage.


Message History

Read which item? (? for menu, Esc to quit)
Okay, then.
Drink which item? (? for menu, Esc to quit)
You feel much better.
The eldritch tentacle closely misses you.
You furiously retaliate!
You headbutt the eldritch tentacle, but do no damage.
The eldritch tentacle closely misses you.
The lich casts a spell at you.
You barely resist.
The vampire knight is infused with unholy energy.
* * * LOW HITPOINT WARNING * * *
The vampire knight draws life force from you and is healed!
The Brimstone Fiend hits you!
* * * LOW HITPOINT WARNING * * *
The Brimstone Fiend misses you. The Brimstone Fiend hits you.
* * * LOW HITPOINT WARNING * * *
The eldritch tentacle slaps you but does no damage.
The eldritch tentacle claws you!
You die...

##...# #...# #..##
########### ##..#
..........# #...#
..........# #...#
......*.§.# ##..##
......w§..# #...#
§# #...1@..# ##..##
#. #..WLVX.# #...#
#. #### #.......#
#..## #. |..
#.......# ##.# #.
:. #.......# ##.##
#.#W #.......#
#...#
#.#######.#......(#
#...#
#..C......#.......#
##..#
#.#########...
#..##


You could see an eldritch tentacle, a Brimstone Fiend, a lich, a vampire knight,
a flayed ghost and a large abomination.

Vanquished Creatures
  A golden dragon (Depths:3)
  A tentacled monstrosity (Depths:3)
  A titan (Depths:3)
  3 sphinxes
  A tengu reaver (Depths:3)
  An orc warlord (Depths:3)
  A frost giant (Depths:4)
  A spriggan defender (Depths:3)
  4 stone giants
  A vampire knight (Depths:3)
  2 ettins
  3 fire dragons
  4 hydras
  A rakshasa (Depths:3)
  2 great orbs of eyes
  2 ice dragons (Depths:3)
  A spriggan air mage (Depths:3)
  A centaur warrior (D:15)
  An ogre mage (Depths:3)
  A vampire mage (Depths:3)
  2 spriggan berserkers (Depths:3)
  A fire crab (Lair:8)
  A hill giant (D:12)
  An orc knight (Depths:3)
  A wizard (Depths:3)
  3 orc sorcerers (Depths:3)
  A hill giant (shapeshifter) (Depths:3)
  3 griffons
  3 deep elf conjurers (Depths:3)
  9 ugly things
  13 elephants
  5 yaktaurs
  4 black mambas
  8 spiny frogs
  4 komodo dragons
  2 fire drakes
  A spriggan druid (Lair:8)
  A queen bee (Depths:3)
  A deep elf priest (Depths:3)
  3 two-headed ogres
  6 polar bears (Lair:8)
  14 blink frogs (Lair:8)
  15 spriggans (Lair:8)
  3 air elementals (Depths:3)
  6 redbacks (Lair:8)
  A deep elf mage (D:10)
  4 water elementals (Depths:3)
  6 hippogriffs
  13 yaks
  20 wolves
  10 water moccasins
  A vampire mosquito (D:8)
  2 porcupines
  An orc warrior (D:13)
  3 wasps (Lair:8)
  A phantom (D:4)
  11 crocodiles
  5 black bears (Lair:8)
  5 centaurs
  5 ogres
  10 giant frogs
  A scorpion (D:8)
  A wyvern skeleton (D:13)
  17 killer bees (Depths:3)
  A lava snake (D:11)
  3 electric eels
  2 iguanas
  5 orc priests
  2 orc wizards
  2 hounds (D:9)
  2 worker ants
  A killer bee zombie (D:7)
  9 sheep (Lair:6)
  A hound zombie (D:5)
  2 hound skeletons
  6 adders
  10 river rats
  A worm (D:4)
  A giant gecko (D:3)
  19 orcs
  A ball python (D:4)
  2 giant cockroaches (D:1)
  3 hobgoblins
  3 jackals (D:7)
  4 bats
  2 giant newts (D:2)
  A goblin (D:3)
  3 kobolds (D:1)
  4 rats
  4 fungi
  4 plants
359 creatures vanquished.

Vanquished Creatures (collateral kills)
  An octopode crusher (Depths:3)
  An orc warlord (Depths:3)
  An orc priest (Depths:3)
3 creatures vanquished.

Vanquished Creatures (others)
  4 eldritch tentacle segments (Depths:3)
  10 fungi
  9 plants (Lair:8)
23 creatures vanquished.

Grand Total: 385 creatures vanquished

Notes
Turn   | Place    | Note
--------------------------------------------------------------
     0 | D:1      | 4thArraOfDagon the Minotaur Berserker began the quest for the Orb.
     0 | D:1      | Reached XP level 1. HP: 19/19 MP: 0/0
    58 | D:1      | Reached XP level 2. HP: 21/27 MP: 1/1
   117 | D:2      | Reached skill level 4 in Axes
   172 | D:3      | Reached XP level 3. HP: 30/34 MP: 2/2
   175 | D:3      | Reached ** piety under Trog
   192 | D:3      | Found a stormy altar of Qazlal.
   259 | D:4      | Noticed a phantom
   271 | D:4      | Reached XP level 4. HP: 31/41 MP: 3/3
   274 | D:4      | Killed a phantom
   274 | D:4      | Reached skill level 5 in Axes
   274 | D:4      | Reached XP level 5. HP: 21/47 MP: 4/4
   275 | D:4      | Reached skill level 5 in Fighting
   320 | D:4      | Reached skill level 6 in Axes
   378 | D:4      | Reached XP level 6. HP: 56/56 MP: 5/5
   422 | D:5      | Entered Level 5 of the Dungeon
   632 | D:7      | Found a shattered altar of Ashenzari.
   651 | D:7      | Reached skill level 7 in Axes
   761 | D:8      | Reached skill level 1 in Evocations
   761 | D:8      | Reached XP level 7. HP: 62/62 MP: 6/6
   762 | D:8      | Reached skill level 5 in Armour
   798 | D:8      | Noticed a vampire mosquito
   807 | D:8      | Killed a vampire mosquito
   918 | D:7      | You fall through a shaft for 2 floors!
   948 | D:9      | Reached skill level 8 in Axes
   976 | D:9      | Found a snail-covered altar of Cheibriados.
   976 | D:9      | Found a basalt altar of Yredelemnul.
   977 | D:9      | Found a blossoming altar of Fedhas.
  1108 | D:9      | Reached XP level 8. HP: 62/71 MP: 8/8
  1140 | D:10     | Entered Level 10 of the Dungeon
  1140 | D:10     | Found a staircase to the Lair.
  1240 | Lair:1   | Entered Level 1 of the Lair of Beasts
  1310 | Lair:2   | Noticed a spiny frog
  1316 | Lair:2   | Killed a spiny frog
  1316 | Lair:2   | Reached skill level 9 in Axes
  1412 | Lair:3   | Identified a scroll of acquirement
  1419 | Lair:3   | :(
  1436 | Lair:4   | RIP
  1436 | Lair:4   | ACQ
  1479 | Lair:4   | Reached skill level 10 in Axes
  1479 | Lair:4   | Reached XP level 9. HP: 36/80 MP: 3/10
  1516 | Lair:5   | Noticed a black mamba
  1524 | Lair:5   | Killed a black mamba
  1557 | Lair:5   | Got a faintly glowing war axe
  1558 | Lair:5   | Identified the +6 war axe of Ascent {freeze, MP+9} (You found it on level 5 of the Lair of Beasts)
  1559 | Lair:5   | :(
  1606 | Lair:5   | Reached skill level 11 in Axes
  1639 | Lair:5   | Noticed an elephant
  1683 | Lair:6   | Found a staircase to the Slime Pits.
  1683 | Lair:6   | Found a viscous altar of Jiyva.
  1691 | Lair:6   | Noticed a fire drake
  1696 | Lair:6   | Killed a fire drake
  1752 | Lair:6   | Noticed a five-headed hydra
  1774 | Lair:6   | Reached XP level 10. HP: 70/90 MP: 12/12
  1782 | Lair:6   | Found a staircase to the Snake Pit.
  1783 | Lair:6   | Noticed a black mamba
  1787 | Lair:6   | Killed a black mamba
  1787 | Lair:6   | Reached *** piety under Trog
  1787 | Lair:6   | Reached skill level 5 in Evocations
  1829 | Lair:6   | Noticed a black mamba
  1837 | Lair:6   | Killed a nine-headed hydra
  1837 | Lair:6   | Reached skill level 12 in Axes
  1837 | Lair:6   | Killed a black mamba
  1905 | Lair:6   | Noticed a black mamba
  1905 | Lair:6   | Noticed a five-headed hydra
  1916 | Lair:6   | Killed a 13-headed hydra
  1916 | Lair:6   | Killed a black mamba
  2078 | Lair:7   | Noticed a five-headed hydra
  2084 | Lair:7   | Reached skill level 10 in Fighting
  2091 | Lair:7   | Killed an 11-headed hydra
  2091 | Lair:7   | Reached skill level 13 in Axes
  2135 | Lair:7   | Reached XP level 11. HP: 100/100 MP: 14/14
  2215 | Lair:8   | Entered Level 8 of the Lair of Beasts
  2322 | Lair:8   | Reached skill level 10 in Armour
  2422 | Lair:8   | Reached skill level 14 in Axes
  2473 | Lair:8   | Noticed a spriggan rider
  2489 | Lair:8   | Reached **** piety under Trog
  2491 | Lair:8   | Killed a spriggan
  2492 | Lair:8   | Killed a wasp
  2587 | Lair:8   | Noticed a spriggan rider
  2599 | Lair:8   | Killed a wasp
  2600 | Lair:8   | Killed a spriggan
  2664 | Lair:8   | Noticed a spriggan rider
  2679 | Lair:8   | Killed a wasp
  2679 | Lair:8   | Reached XP level 12. HP: 65/110 MP: 14/16
  2679 | Lair:8   | Killed a spriggan
  2818 | Lair:8   | Reached skill level 15 in Axes
  3186 | Lair:8   | Noticed a four-headed hydra
  3197 | Lair:8   | Killed a ten-headed hydra
  3197 | Lair:8   | Reached skill level 16 in Axes
  3248 | Lair:8   | Noticed a fire crab
  3259 | Lair:8   | Killed a fire crab
  3391 | Lair:7   | Noticed an elephant
  3391 | Lair:7   | Noticed an elephant
  3393 | Lair:7   | Noticed an elephant
  3393 | Lair:7   | Noticed an elephant
  3395 | Lair:7   | Noticed an elephant
  3397 | Lair:7   | Killed an elephant
  3398 | Lair:7   | Killed an elephant
  3398 | Lair:7   | Reached XP level 13. HP: 119/119 MP: 18/18
  3402 | Lair:7   | Killed an elephant
  3406 | Lair:7   | Killed an elephant
  3410 | Lair:7   | Killed an elephant
  3487 | Lair:6   | Noticed a komodo dragon
  3494 | Lair:6   | Killed a komodo dragon
  3614 | Lair:3   | Noticed a griffon
  3624 | Lair:3   | Killed a griffon
  3659 | Lair:3   | Found a shadowy altar of Dithmenos.
  3662 | Lair:3   | Noticed a spiny frog
  3679 | Lair:3   | Killed a spiny frog
  3679 | Lair:3   | Reached skill level 5 in Dodging
  3739 | Lair:3   | Reached ***** piety under Trog
  4011 | D:12     | Received a gift from Trog
  4127 | D:15     | Entered Level 15 of the Dungeon
  4244 | D:15     | Gained mutation: You possess an exceptional clarity of mind. [mutagenic meat]
  4245 | D:15     | Gained mutation: You are surrounded by a mild repulsion field (EV +2). [mutagenic meat]
  4246 | D:15     | Lost mutation: You are surrounded by a mild repulsion field (EV +2). [mutagenic meat]
  4247 | D:15     | Gained mutation: You have sharp toenails. [mutagenic meat]
  4248 | D:15     | Lost mutation: You have sharp toenails. [mutagenic meat]
  4249 | D:15     | Gained mutation: Your body sometimes deteriorates upon taking damage. [mutagenic meat]
  4378 | D:15     | Found a staircase to the Depths.
  4421 | Depths:1 | Entered Level 1 of the Depths
  4441 | Depths:1 | Noticed a stone giant
  4454 | Depths:1 | Found a runed gate.
  4454 | Depths:1 | Found a runed gate.
  4454 | Depths:1 | Found a runed gate.
  4477 | Depths:1 | Killed a stone giant
  4523 | Depths:1 | Noticed a tengu reaver
  4576 | Depths:2 | Noticed a red very ugly thing
  4576 | Depths:2 | Noticed a red very ugly thing
  4633 | Depths:4 | Noticed a frost giant
  4633 | Depths:4 | Noticed a sphinx
  4639 | Depths:4 | Killed a frost giant
  4641 | Depths:4 | Killed a sphinx
  4666 | Depths:5 | Entered Level 5 of the Depths
  4694 | Depths:3 | Noticed a stone giant
  4701 | Depths:3 | Killed a stone giant
  4772 | Depths:3 | Reached XP level 14. HP: 117/132 MP: 14/19
  4833 | Depths:3 | Received a gift from Trog
  4844 | Depths:3 | Noticed a sphinx
  4844 | Depths:3 | Noticed a tengu reaver
  4852 | Depths:3 | Killed a sphinx
  4860 | Depths:3 | Killed a tengu reaver
  4909 | Depths:3 | Noticed an orc warlord
  4912 | Depths:3 | Noticed an orc warlord
  4924 | Depths:3 | Killed an orc warlord
  4930 | Depths:3 | Killed an orc warlord
  5058 | Depths:3 | Noticed an octopode crusher
  5079 | Depths:3 | Killed an octopode crusher
  5083 | Depths:3 | Noticed Xtahua
  5091 | Depths:3 | Noticed a spriggan defender
  5094 | Depths:3 | Noticed a vampire knight
  5095 | Depths:3 | Noticed a spriggan defender
  5141 | Depths:3 | Reached skill level 15 in Fighting
  5143 | Depths:3 | Reached skill level 15 in Armour
  5211 | Depths:3 | meh
  5315 | Depths:3 | Noticed a stone giant
  5358 | Depths:3 | Killed a stone giant
  5358 | Depths:3 | Reached skill level 10 in Dodging
  5460 | Depths:5 | Found a gateway to a ziggurat.
  5460 | Depths:5 | Noticed an ancient lich
  5460 | Depths:5 | Noticed Margery
  5699 | Depths:3 | Noticed a sphinx
  5711 | Depths:3 | Killed a spriggan defender
  5714 | Depths:3 | Killed a sphinx
  5802 | Depths:3 | Noticed a tentacled monstrosity
  5812 | Depths:3 | Killed a tentacled monstrosity
  5814 | Depths:3 | Paralysed by a great orb of eyes for 2 turns
  5817 | Depths:3 | Reached XP level 15. HP: 141/143 MP: 16/20
  5848 | Depths:3 | Noticed a titan
  5849 | Depths:3 | Noticed a golden dragon
  5852 | Depths:3 | Noticed a lich
  5863 | Depths:3 | Killed a golden dragon
  5865 | Depths:3 | Killed a titan
  5866 | Depths:3 | Noticed a Brimstone Fiend
  5868 | Depths:3 | Noticed an eldritch tentacle
  5874 | Depths:3 | HP: 6/144 [Brimstone Fiend[a lich] (4)]
  5874 | Depths:3 | Slain by an eldritch tentacle

Action                   |  1- 3 |  4- 6 |  7- 9 | 10-12 | 13-15 || total
-------------------------+-------+-------+-------+-------+-------++-------
Melee: Hand axe          |    22 |    54 |    88 |       |       ||   164
       War axe           |       |       |    26 |   319 |   383 ||   728
Invok: Berserk           |     2 |     3 |     8 |    20 |    21 ||    54
       Trog's Hand       |       |     3 |     4 |    15 |    22 ||    44
       Brothers in Arms  |       |       |       |       |     2 ||     2
 Abil: Evoke Teleportati |       |       |       |       |     2 ||     2
Evoke: Wand              |       |       |       |       |     5 ||     5
  Use: Scroll            |       |     2 |     6 |     1 |    19 ||    28
       Potion            |       |     1 |     1 |     1 |     1 ||     4
  Eat: Chunk             |       |     4 |    12 |    29 |    31 ||    76
       Royal jelly       |       |       |     1 |       |     1 ||     2
       Fruit             |       |       |       |       |     9 ||     9
       Pizza             |       |       |       |       |     1 ||     1
       Beef jerky        |       |       |       |       |     4 ||     4
